 Dungeon Crawl Stone Soup version 0.30.1-11-g7821555f0a (webtiles) character file.

Game seed: 15161893238513577236

124 jagang the Slasher (level 5, 0/43 HPs)
             Began as a Barachi Monk on Nov 10, 2023.
             Slain by an orc priest
             ... wielding a +0 trident
              (7 damage)
             ... on level 2 of the Dungeon.
             The game lasted 00:02:25 (1064 turns).

jagang the Slasher (Barachi Monk)                   Turns: 1064, Time: 00:02:25

Health: 0/43       AC:  5    Str: 12    XL:     5   Next: 8%
Magic:  5/5        EV: 11    Int: 10    God:
Gold:   49         SH:  0    Dex: 17    Spells: 4/4 levels left

rFire   . . .        a - +0 falchion
rCold   . . .        d - orb {light}
rNeg    . . .        e - +0 ring mail
rPois   .            (no helmet)
rElec   .            (no cloak)
rCorr   .            (no gloves)
SInv    .            (no boots)
Will    .....        (no amulet)
Stlth   +            (no ring)
HPRegen 0.27/turn    (no ring)
MPRegen 0.09/turn

%: no passive effects
@: glowing, slow
A: amphibious, slowness 1, strong legs 1, +LOS
a: Hop


You were on level 2 of the Dungeon.
You visited 1 branch of the dungeon, and saw 2 of its levels.

You collected 49 gold pieces.

Inventory:

Hand Weapons
 a - a +0 falchion (weapon)
Armour
 b - a +0 robe
 d - an orb of light (worn)
 e - a +0 ring mail (worn)
Scrolls
 i - 2 scrolls of teleportation {unknown}
 j - 2 scrolls of noise {unknown}
 k - a scroll of identify {unknown}
 m - a scroll of immolation {unknown}
Potions
 c - a potion of ambrosia
 f - a potion of haste {unknown}
 g - a potion of flight {unknown}
 h - 2 potions of degeneration {unknown}
 l - 3 potions of lignification {unknown}
 n - a potion of curing {unknown}


   Skills:
 + Level 4.5 Fighting
 * Level 5.4 Long Blades
 + Level 2.4 Armour
 - Level 3.2 Dodging


You had 4 spell levels left.
You didn't know any spells.
Your spell library was empty.

Dungeon Overview and Level Annotations

Branches:
Dungeon (2/15)

Altars:

Annotations:
D:2 Natasha


Innate Abilities, Weirdness & Mutations

You are amphibious.
You cover ground slowly.
You can hop short distances.
You have an extended range of vision and can be seen from far away.


Message History

The orc is heavily wounded.
The orc barely misses you.
You slash the orc!
You kill the orc!
Natasha casts a spell.
You barely miss the hobgoblin.
The hobgoblin hits you but does no damage.
You slash the hobgoblin!
You kill the hobgoblin!
You hit the orc priest.
The orc priest is moderately wounded.
The orc priest looks satisfied for a moment.
You hit the orc.
The orc is moderately wounded.
The orc priest hits you with a +0 mace. The orc hits you but does no damage.
You hit the orc priest.
The orc priest is heavily wounded.
The orc priest hits you from afar with a +0 trident.
The orc priest hits you with a +0 mace.
* * * LOW HITPOINT WARNING * * *
The orc hits you but does no damage.
You hit the orc priest but do no damage.
The orc priest is heavily wounded.
The orc priest completely misses you. The orc priest hits you with a +0 mace.
* * * LOW HITPOINT WARNING * * *
The orc hits you with a +0 club.
* * * LOW HITPOINT WARNING * * *
You slash the orc priest!
You kill the orc priest!
The orc priest hits you but does no damage.
The orc hits you but does no damage.
You have reached level 5!
You hit the orc but do no damage.
The orc is lightly wounded.
The orc priest calls upon Beogh to heal the orc.
The orc's wounds heal themselves!
The orc hits you but does no damage.
You slash the orc!
You kill the orc!
The orc priest hits you from afar with a +0 trident!
You die...

#.# #..###..## #.#
#.## ##.## ...# #..#
#### ##.# #.# #.#
#####.######
....#####..>.......#
#..5ho)@..........#
...)5o##)..........#
.... ##..........#
.. #..........#
############


You could see an orc priest, Natasha, 2 cerulean imps and an orc.

Vanquished Creatures
  An orc priest (D:2)
  Natasha (D:2)
  2 adders (D:2)
  2 worms (D:2)
  2 orcs (D:2)
  6 bats (D:1)
  3 endoplasms
  A giant cockroach (D:1)
  2 goblins (D:1)
  3 hobgoblins
  9 jackals
  A kobold (D:2)
  A quokka (D:1)
  4 ball pythons
  7 rats
45 creatures vanquished.

Notes
Turn   | Place    | Note
-------+----------+-------------------------------------------
     0 | D:1      | jagang the Barachi Monk began the quest for the Orb.
     0 | D:1      | Reached XP level 1. HP: 18/18 MP: 1/1
   154 | D:1      | Reached skill level 4 in Long Blades
   154 | D:1      | Reached XP level 2. HP: 21/25 MP: 2/2
   201 | D:1      | Reached skill level 1 in Armour
   363 | D:1      | Reached XP level 3. HP: 26/30 MP: 3/3
   911 | D:2      | Reached XP level 4. HP: 30/37 MP: 4/4
   969 | D:2      | Noticed Natasha
   982 | D:2      | Killed Natasha
   983 | D:2      | Reached skill level 5 in Long Blades
  1050 | D:2      | Noticed Natasha
  1063 | D:2      | Reached XP level 5. HP: 7/43 MP: 5/5
  1064 | D:2      | Slain by an orc priest

Illustrated notes

Levels and vault maps discovered:
D:1:      amcnicky_arrival_flooded_fountain, layout_loops_ring
D:2:      layout_rooms, minmay_quantized, uniq_natasha

Skill      XL: |  1  2  3  4 |
---------------+-------------+-----
Long Blades    | 4 5 |  5.4
Armour         | 1 2 |  2.4
Fighting       | 4 |  4.5
Dodging        | |  3.2

Action                     |  1- 3 |  4- 6 || total
---------------------------+-------+-------++-------
  Melee: Falchion          |   100 |    20 ||   120
 Armour: Ring mail         |    51 |    10 ||    61
  Dodge: Dodged            |    78 |     8 ||    86
